 Dungeon Crawl Stone Soup version 0.21.0 (webtiles) character file.

330 MovingMist the Agent of Entropy (level 6, 0/48 HPs)
             Began as a Demonspawn Abyssal Knight on Jan 7, 2018.
             Was a Priest of Lugonu.
             Slain by a quokka skeleton (2 damage)
             ... on level 4 of the Dungeon.
             The game lasted 00:06:32 (2776 turns).

MovingMist the Agent of Entropy (DsAK)              Turns: 2776, Time: 00:06:33

Health: 0/48       AC: 10    Str: 14    XL:     6   Next: 26%
Magic:  10/10      EV: 10    Int: 13    God:    Lugonu [***...]
Gold:   118        SH:  3    Dex: 13    Spells: 5/5 levels left

rFire    . . .     SeeInvis .   s - +0 war axe
rCold    + . .     Gourm    .   (no shield)
rNeg     . . .     Faith    .   k - +0 scale mail
rPois    +         Spirit   .   (helmet restricted)
rElec    .         Reflect  +   e - +0 cloak
rCorr    .         Harm     .   (no gloves)
MR       .....                  (no boots)
Stlth    ..........             o - +3 amulet of reflection
HPRegen  0.16/turn              b - ring of poison resistance
MPRegen  0.12/turn              (no ring)

@: no status effects
A: horns 2, yellow scales 2, cold resistance 1
a: Depart the Abyss, Bend Space, Banish, Renounce Religion


You were on level 4 of the Dungeon.
You worshipped Lugonu.
Lugonu was most pleased with you.
You were not hungry.

You visited 1 branch of the dungeon, and saw 4 of its levels.
You visited the Abyss 1 time.

You collected 118 gold pieces.

Inventory:

Hand Weapons
 a - a +1 hand axe
 s - a +0 war axe (weapon)
Armour
 e - a +0 cloak (worn)
 k - a +0 scale mail (worn)
 l - a +0 plate armour
Jewellery
 b - a ring of poison resistance (left hand)
 o - a +3 amulet of reflection (around neck)
 p - a +3 ring of dexterity {unknown}
Scrolls
 d - a scroll of remove curse
 f - 2 scrolls of teleportation {unknown}
 m - a scroll of blinking {unknown}
 n - a scroll of identify {unknown}
 q - a scroll of fear {unknown}
Potions
 g - a potion of curing {unknown}
 h - a potion of invisibility {unknown}
 i - a potion of cancellation {unknown}
 j - a potion of agility {unknown}
 t - a potion of heal wounds {unknown}
Comestibles
 c - 5 rations
 r - a chunk of flesh


   Skills:
 + Level 4.1 Fighting
 + Level 3.1 Axes
 - Level 1.7 Armour
 + Level 2.6 Dodging
 * Level 5.7 Invocations


You had 5 spell levels left.
You didn't know any spells.

Dungeon Overview and Level Annotations

Branches:
Dungeon (4/15)
 Temple: D:4-7

Altars:


Innate Abilities, Weirdness & Mutations

You have a pair of horns on your head.
You are mostly covered in yellow scales. (AC +3)
Your flesh is cold resistant. (rC+)


Message History

Lugonu accepts your kill.
You can now banish your foes.
Your Fighting skill increases to level 4!
You have reached level 6!
Your experience leads to an increase in your attributes!
Increase (S)trength, (I)ntelligence, or (D)exterity?
You feel stronger.
Your demonic ancestry asserts itself...
The horns on your head grow some more.
You start resting.
A quokka skeleton comes into view.
You see here a giant club.
The quokka skeleton bites you.
* * * LOW HITPOINT WARNING * * *
You see here a runed leather armour.
Your scale mail prevents you from hitting the quokka skeleton.
The quokka skeleton closely misses you.
You hit the quokka skeleton.
You headbutt the quokka skeleton, but do no damage.
The quokka skeleton is lightly damaged.
The quokka skeleton barely misses you. The quokka skeleton bites you.
You die...

.# ### # ..# # ...
# #.# # ##.##
######. #...#
....... #)# .#####
# #.# .....# #.
#@# .###.# ##(#
#Z# ## #.#
##...##.# ## #
#.#...........#
##.
#.#..###...#..####
###.. #.#..#
##....†...# #....
##.#..# ####..##.#
#.#.. ##.#...#
#.>##.# #.##.
##.###..####
#...#.# #.##.


You could see a quokka skeleton.

Vanquished Creatures
  An ogre (D:4)
  3 worker ants
  7 gnolls
  3 adders
  An ooze (D:1)
  3 worms
  A dart slug (D:3)
  A leopard gecko (D:1)
  5 orcs (D:3)
  3 ball pythons
  4 giant cockroaches
  8 goblins
  7 hobgoblins
  8 kobolds
  A quokka (D:3)
  4 bats
  2 frilled lizards
  6 rats
68 creatures vanquished.

Notes
Turn   | Place    | Note
-------+----------+-------------------------------------------
     0 | Abyss:1  | MovingMist the Demonspawn Abyssal Knight began the quest for the Orb.
     0 | Abyss:1  | Reached XP level 1. HP: 18/18 MP: 2/2
    22 | D:1      | Escaped the Abyss
    83 | D:1      | Reached skill level 1 in Dodging
   103 | D:1      | Gained mutation: You are partially covered in yellow scales. (AC +2) [demonic ancestry]
   103 | D:1      | Reached XP level 2. HP: 19/24 MP: 4/4
   133 | D:1      | Reached skill level 3 in Invocations
   541 | D:2      | Reached ** piety under Lugonu
   563 | D:2      | Gained mutation: You are mostly covered in yellow scales. (AC +3) [demonic ancestry]
   563 | D:2      | Reached XP level 3. HP: 29/29 MP: 5/5
  1073 | D:2      | Reached skill level 4 in Invocations
  1178 | D:3      | Gained mutation: Your flesh is cold resistant. (rC+) [demonic ancestry]
  1178 | D:3      | Reached XP level 4. HP: 35/35 MP: 7/7
  1960 | D:4      | Gained mutation: You have a pair of small horns on your head. [demonic ancestry]
  1960 | D:4      | Reached XP level 5. HP: 19/42 MP: 8/8
  2282 | D:3      | Reached skill level 5 in Invocations
  2557 | D:4      | Noticed an ogre
  2756 | D:4      | Noticed an ogre
  2764 | D:4      | HP: 1/42 [ogre/giant club (10)]
  2766 | D:4      | Killed an ogre
  2766 | D:4      | Reached *** piety under Lugonu
  2766 | D:4      | Gained mutation: You have a pair of horns on your head. [demonic ancestry]
  2766 | D:4      | Reached XP level 6. HP: 2/48 MP: 10/10
  2774 | D:4      | HP: 1/48 [quokka skeleton (2)]
  2776 | D:4      | Slain by a quokka skeleton

Skill      XL: |  1  2  3  4  5 |
---------------+----------------+-----
Dodging        | 1 2 |  2.6
Axes           | 2 3 |  3.1
Invocations    | 3 4 5 |  5.7
Fighting       | 4 |  4.1
Armour         | |  1.7

Action                   |  1- 3 |  4- 6 || total
-------------------------+-------+-------++-------
Melee: Hand axe          |   106 |   148 ||   254
       War axe           |       |    17 ||    17
       Headbutt          |       |    14 ||    14
Invok: Bend Space        |       |     1 ||     1
  Use: Scroll            |     1 |       ||     1
       Potion            |       |     1 ||     1
  Eat: Chunk             |     1 |     5 ||     6
Armor: Leather armour    |    10 |       ||    10
       Scale mail        |    32 |    77 ||   109
Dodge: Dodged            |    65 |    84 ||   149
Block: Other             |       |    15 ||    15
